 Dungeon Crawl Stone Soup version 0.29-a0-416-g83a48905f1 (webtiles) character file.

Game seed: 9801329289730770128

382 croobank the Sneak (level 6, 0/37 (38) HPs)
             Began as an Octopode Fire Elementalist on May 16, 2022.
             Was an Initiate of Gozag.
             Slain by an orc
             ... wielding a +1 flail of draining
              (4 damage)
             ... on level 5 of the Dungeon.
             The game lasted 00:10:38 (4873 turns).

croobank the Sneak (Octopode Fire Elementalist)     Turns: 4873, Time: 00:10:47

HP:   0/37 (38)     AC:  1    Str:  7    XL:     6   Next: 76%
MP:   8/10          EV: 13    Int: 19    God:    Gozag
Gold: 178           SH:  0    Dex: 11    Spells: 2/11 levels left

rFire   + + .      SeeInvis .   q - +3 spear of the Spider Nest {drain, Fly rF+ Dex-2}
rCold   . . .      Faith    .   (no shield)
rNeg    . . .      Spirit   .   (helmet restricted)
rPois   .          Reflect  .   (no amulet)
rElec   .          Harm     .   n - ring of protection from fire
rCorr   .          Rampage  .   (no ring)
Will    .....                   (no ring)
Stlth   ++++......              (no ring)
HPRegen 0.12/turn               (no ring)
MPRegen 0.12/turn               (no ring)
                                (no ring)
                                (no ring)

@: flying, very slightly contaminated, lightly drained
A: almost no armour, amphibious, 8 rings, camouflage 1, gelatinous body 1,
(nimble swimmer 1), tentacles
a: Renounce Religion, Potion Petition, Call Merchant, Bribe Branch


You were on level 5 of the Dungeon.
You worshipped Gozag.
Gozag was aware of your devotion.
You visited 2 branches of the dungeon, and saw 6 of its levels.

You collected 224 gold pieces.
You paid 46 gold pieces to Gozag.

Inventory:

Hand Weapons
 e - a +1 short sword of speed
 h - a +1 dagger of pain
 j - a +1 falchion of electrocution
 l - the +5 mace "Jigilirherph" {vamp, rF- MP+9 Dex+4 SInv}
   (You found it on level 3 of the Dungeon)

   It occasionally heals its wielder for a portion of the damage dealt when it
   wounds a living foe.
   Dex:       It affects your dexterity (+4).
   rF:        It makes you vulnerable to fire.
   MP:        It affects your magic capacity (+9).
   SInv:      It lets you see invisible.
 o - a +2 whip of holy wrath
 q - the +3 spear of the Spider Nest (weapon) {drain, Fly rF+ Dex-2}
   (You found it on level 4 of the Dungeon)

   A truly terrible weapon, it drains the life of any living foe it strikes.
   Dex:       It affects your dexterity (-2).
   rF:        It protects you from fire.
   Fly:       It grants you flight.
Missiles
 b - 6 boomerangs
 c - 8 poisoned darts
 f - 189 stones
Jewellery
 n - a ring of protection from fire (left tentacle)
 r - a ring of ice
Wands
 d - a wand of polymorph (7)
 m - a wand of paralysis (13)
Potions
 a - a potion of magic
 g - 3 potions of heal wounds
 i - 4 potions of curing {unknown}
 k - 2 potions of resistance {unknown}
 p - 3 potions of lignification {unknown}
 s - 2 potions of degeneration {unknown}


   Skills:
 + Level 1.2 Fighting
 + Level 3.4 Dodging
 + Level 4.8 Stealth
 + Level 3.3 Spellcasting
 + Level 2.8 Conjurations
 + Level 4.1 Fire Magic


You had 2 spell levels left.
You knew the following spells:

 Your Spells              Type           Power      Damage    Failure   Level
a - Foxfire               Conj/Fire      64%        2x1d7     3%          1
b - Scorch                Fire           36%        2d7       4%          2
c - Flame Wave            Conj/Fire      16%        2d6       34%         4
d - Ensorcelled Hibernat  Hex/Ice        6%         N/A       22%         2

Your spell library contained the following spells:

 Spells                   Type           Power      Damage    Failure   Level
 Conjure Flame            Conj/Fire      16%        6-21      11%         3
 Inner Flame              Hex/Fire       11%        N/A       19%         3
 Spider Form              Tmut/Pois      3%         N/A       41%         3
 Anguish                  Hex/Necr       1%         N/A       83%         4


Dungeon Overview and Level Annotations

Branches:
Dungeon (5/15)             Temple (1/1) D:4

Altars:
Ashenzari
Dithmenos
Fedhas
Gozag
Hepliaklqana
Nemelex Xobeh
Qazlal
Sif Muna
Vehumet
Wu Jian
Yredelemnul
The Shining One
Jiyva

Shops:
D:2 *   D:4 *

Annotations:
D:2 1 runed translucent door, Crazy Yiuf


Innate Abilities, Weirdness & Mutations

You cannot wear most types of armour.
You are amphibious.
You can wear up to eight rings at the same time.
Your skin changes colour to match your surroundings (Stealth+).
Your rubbery body absorbs attacks. (AC +1, EV +1)
((You are camouflaged when in or above water. (Stealth+)))
You have tentacles for arms and can constrict up to eight enemies at once.


Message History

The hound misses you. The hound barely misses you.
You hit the hound. You grab the hound.
You squeeze the hound, but do no damage.
The hound is severely wounded.
You constrict the hound, but do no damage.
The hound closely misses you.
You hit the hound.
You kill the hound!
You now have 178 gold pieces (gained 5).
Found a ring mail.
Found a stone staircase leading down.
Found a stone staircase leading down.
There is a stone staircase leading down here.
An orc and an orc priest come into view.
The orc is wielding a +1 flail of draining.
There are monsters nearby!
An orc priest comes into view. It is wielding a +0 hand axe.
An orc wizard and an orc come into view.
The orc priest invokes the aid of Beogh against you.
Pain shoots through your body!
Casting: Ensorcelled Hibernation (safe; 22% risk of failure)
Confirm with . or Enter, or press ? or * to list all spells.
Aiming: Ensorcelled Hibernation (safe; 22% risk of failure)
Press: ? - help, Shift-Dir - straight line, f - orc priest
Aim: an orc priest, wielding a +0 hand axe (chance to affect: 36%)
You miscast Ensorcelled Hibernation.
You are very lightly contaminated with residual magic.
Nothing appears to happen.
The orc wizard shouts!
The orc priest shouts!
The orc wizard gestures wildly while chanting.
The orc wizard flickers and vanishes!
Deactivating autopickup; reactivate with Ctrl-A.
You closely miss the orc. You grab the orc. You constrict the orc.
The orc priest mumbles some strange prayers to Beogh against you.
Beogh smites you!
The orc hits you with a +1 flail of draining!
* * * LOW HITPOINT WARNING * * *
You feel drained.
You die...
Your body crumbles into a pile of gold.

#.# #.# ##.......
#.# ....... #.#
...... #.. .o..o
### {..# #.## .o#
.#.# #o# #.######
#@#
#.##...#########.#
#.##.............#
#.>....###########
########


You could see 2 orc priests and 2 orcs.

Vanquished Creatures
  A black bear (D:5)
  A scorpion (D:2)
  A jelly (D:5)
  2 hounds (D:5)
  An iguana (D:4)
  Robin (D:2)
  An adder (D:2)
  2 worms
  5 dart slugs
  8 orcs
  7 ball pythons
  3 endoplasms
  2 giant cockroaches
  13 goblins
  8 hobgoblins
  6 kobolds
  2 quokkas (D:2)
  5 bats
  3 frilled lizards
  8 rats
  A spectral orc (D:4)
81 creatures vanquished.

Vanquished Creatures (others)
  52 foxfires
52 creatures vanquished.

Grand Total: 133 creatures vanquished

Notes
Turn   | Place    | Note
-------+----------+-------------------------------------------
     0 | D:1      | croobank the Octopode Fire Elementalist began the quest for
                  | the Orb.
     0 | D:1      | Reached XP level 1. HP: 11/11 MP: 3/3
   231 | D:1      | Reached XP level 2. HP: 12/17 MP: 5/5
  1156 | D:1      | Reached XP level 3. HP: 21/21 MP: 6/6
  1159 | D:1      | Learned a level 2 spell: Scorch
  1301 | D:2      | Noticed Robin
  1619 | D:2      | Killed Robin
  1620 | D:2      | Reached XP level 4. HP: 20/27 MP: 5/7
  1943 | D:2      | Found a shadowy altar of Dithmenos.
  1947 | D:2      | Noticed a scorpion
  1956 | D:2      | Killed a scorpion
  1957 | D:2      | Reached XP level 5. HP: 31/31 MP: 0/9
  2340 | D:2      | Found a runed translucent door.
  2342 | D:2      | Noticed Crazy Yiuf
  2418 | D:2      | Found Cyqoa's Assorted Antiques.
  2697 | D:3      | Learned a level 4 spell: Flame Wave
  2706 | D:3      | Identified the +5 mace "Jigilirherph" {vamp, rF- MP+9 Dex+4
                  | SInv}
  3088 | D:3      | Found a faded altar of an unknown god.
  3499 | D:4      | Learned a level 2 spell: Ensorcelled Hibernation
  3621 | D:4      | Identified the +3 spear of the Spider Nest {drain, Fly rF+
                  | Dex-2}
  3635 | D:4      | Found Noxt's General Store.
  3757 | D:4      | Found a basalt altar of Yredelemnul.
  4087 | D:4      | Found a staircase to the Ecumenical Temple.
  4097 | Temple   | Entered the Ecumenical Temple
  4142 | Temple   | Became a worshipper of Gozag Ym Sagoz the Greedy
  4298 | D:5      | Entered Level 5 of the Dungeon
  4298 | D:5      | Noticed a black bear
  4303 | D:5      | Killed a black bear
  4304 | D:5      | Reached XP level 6. HP: 14/37 MP: 7/10
  4708 | D:5      | Reached skill level 1 in Fighting
  4873 | D:5      | Slain by an orc

Illustrated notes

Levels and vault maps discovered:
D:1:      wander_arrival_fairy_ring, layout_loops_cross
D:2:      layout_basic, basic_altar, serial_shops, nicolae_shop_behind_doors,
          uniq_robin, uniq_crazy_yiuf_cottage
D:3:      layout_loops_cross, basic_ecumenical_altar
D:4:      layout_loops_ring, yredelemnul_forgotten_temple_becter,
          temple_fountains, serial_shops, kennysheep_little_box,
          kennysheep_cluttered_room
D:5:      layout_loops_ring, due_unseen_surprise
Temple:   pf_slimified_temple

Skill      XL: |  1  2  3  4  5  6 |
---------------+-------------------+-----
Stealth        | 3 4 |  4.8
Conjurations   | 2 |  2.8
Dodging        | 3 |  3.4
Spellcasting   | 3 |  3.3
Fire Magic     | 4 |  4.1
Fighting       | 1 |  1.2

Action                   |  1- 3 |  4- 6 || total
-------------------------+-------+-------++-------
Melee: Unarmed           |    25 |     1 ||    26
       Constrict         |     7 |    12 ||    19
       Tentacles         |     7 |     8 ||    15
       Short sword       |    10 |       ||    10
       Falchion          |    15 |     3 ||    18
       Spear             |       |    34 ||    34
       Mace              |       |    14 ||    14
 Cast: Foxfire           |    14 |    21 ||    35
       Scorch            |     4 |    11 ||    15
       Ensorcelled Hiber |       |     1 ||     1
  Use: Scroll            |     2 |     2 ||     4
       Potion            |       |     1 ||     1
 Stab: Sleeping          |     6 |    14 ||    20
       Distracted        |       |     1 ||     1
Armor: Skin              |     7 |     1 ||     8
Dodge: Dodged            |    27 |    26 ||    53

Table legend: (Time is in decaauts)
 A = Elapsed time spent in this place.
 B = Non-inter-level travel time spent in this place.
 C = Inter-level travel time spent in this place.
 D = Time resting spent in this place.
 E = Time spent auto-exploring this place.
 F = Levels seen in this place.
 G = Mean time per level.
                   A        B        C        D        E       F      G
               +--------+--------+--------+--------+--------+-----+--------+
         Total |   4882 |   4728 |    154 |    604 |   3460 |   6 |  813.7 |
       Dungeon |   4819 |   4683 |    136 |    604 |   3428 |   5 |  963.8 |
        Temple |     62 |     45 |     17 |      0 |     32 |   1 |   62.0 |
               +--------+--------+--------+--------+--------+-----+--------+

Top non-repeatable levels by time:
     D:1: 1426 daAuts
     D:2: 1263 daAuts
     D:4: 796 daAuts
     D:3: 757 daAuts
     D:5: 576 daAuts
  Temple: 62 daAuts
